 Dungeon Crawl Stone Soup version 0.18-b1-22-ge198996 (webtiles) character file.

116 dwasdwasdwas the Skirmisher (level 4, 0/60 HPs)
             Began as a Centaur Fighter on May 3, 2016.
             Was a Follower of Qazlal.
             Succumbed to an orc's poison
             ... on level 4 of the Dungeon.
             The game lasted 00:05:12 (2618 turns).

dwasdwasdwas the Skirmisher (Centaur Fighter)       Turns: 2618, Time: 00:05:12

Health: 0/60       AC: 22    Str: 20    XL:     4   Next: 70%
Magic:  4/4        EV:  1    Int:  7    God:    Qazlal [*.....]
Gold:   154        SH: 10    Dex:  8    Spells: 0 memorised, 3 levels left

rFire  . . .     SeeInvis .     a - +0 war axe
rCold  + . .     Gourm    .     (armour currently unavailable)
rNeg   + + +     Faith    .     c - +0 shield
rPois  +         Spirit   .     (helmet currently unavailable)
rElec  .         Dismiss  .     (cloak currently unavailable)
rCorr  .         Reflect  .     (gloves currently unavailable)
SustAt .         Harm     .     (no barding)
MR     .....     NoTele   +     (no amulet)
Stlth  +.........               (no ring)
                                d - ring of protection from cold

@: lethally poisoned (0 -> -3), tree-form, very slightly contaminated, hasted,
invisible, very quick, not resistant to hostile enchantments, very unstealthy
A: (hooves 0), (deformed body), (speed 0), (tough skin 0)
a: Renounce Religion


You were on level 4 of the Dungeon.
You worshipped Qazlal.
Qazlal was aware of your devotion.
You were not hungry.
You were a tree.
You visited 1 branch of the dungeon, and saw 4 of its levels.

You collected 154 gold pieces.

Inventory:

Hand Weapons
 a - a +0 war axe (weapon)
Armour
 b - a +0 scale mail
 c - a +0 shield (worn)
 i - a +0 helmet (melded)
 j - a +1 plate armour (melded)
Jewellery
 d - a ring of protection from cold (left branch)
Scrolls
 e - 3 scrolls of identify {unknown}
 g - 2 scrolls of remove curse
 h - a scroll of random uselessness {unknown}
 k - a scroll of fog {unknown}
 m - 2 scrolls of magic mapping
 s - a scroll of noise {unknown}
Potions
 f - a potion of haste
Comestibles
 n - 3 meat rations
 r - a bread ration


   Skills:
 + Level 3.7 Fighting
 + Level 2.4 Axes
 + Level 2.7 Armour
 + Level 0.5 Dodging
 + Level 0.1 Stealth
 + Level 2.8 Shields


You had 3 spell levels left.
You didn't know any spells.

Dungeon Overview and Level Annotations

Branches:
Dungeon (4/15)
 Temple: D:4-7

Altars:
Makhleb
Qazlal
Ru

Shops:
D:4 (


Innate Abilities, Weirdness & Mutations

((You have hooves in place of feet.))
((Armour fits poorly on your strangely shaped body.))
((You cover ground very quickly.))
((You have extremely tough skin (AC +3).))


Message History

Your +0 helmet melds into your body.
Your +1 plate armour melds into your body.
Your roots penetrate the ground.
* * * LOW HITPOINT WARNING * * *
You feel sick. The orc hits you but does no damage.
Drink which item? (? for menu, Esc to quit)
It was a potion of invisibility.
You fade into invisibility!
You hit the orc.
You kill the orc!
Qazlal accepts your kill.
* * * LOW HITPOINT WARNING * * *
You feel sick.
You cannot move.
There is a lethal amount of poison in your body!
Eat which item? (? for menu, Esc to quit)
That beef jerky was delicious!
* * * LOW HITPOINT WARNING * * *
You feel sick.
You die...

.. ... ..%
#####.## ...?..
....
.#.####.#####.###
.........♣)......
#.####.#####.###
#.####.##
#.......#
.........##
..........#
..#.......###.##
.........+.....#
..#.......###..#


There were no monsters in sight!

Vanquished Creatures
  A worker ant (D:4)
  An adder (D:2)
  An ooze (D:1)
  2 worms (D:2)
  A dart slug (D:2)
  A giant gecko (D:3)
  6 orcs
  3 giant cockroaches
  11 goblins
  6 hobgoblins
  8 kobolds
  2 quokkas
  10 bats
  2 giant newts (D:2)
  5 rats
60 creatures vanquished.

Notes
Turn   | Place    | Note
--------------------------------------------------------------
     0 | D:1      | dwasdwasdwas the Centaur Fighter began the quest for the Orb.
     0 | D:1      | Reached XP level 1. HP: 19/19 MP: 1/1
   161 | D:1      | Reached XP level 2. HP: 26/26 MP: 2/2
   672 | D:2      | You fall through a shaft!
   830 | D:2      | Found a stormy altar of Qazlal.
   840 | D:2      | Found a burning altar of Makhleb.
   867 | D:2      | Reached XP level 3. HP: 7/31 MP: 3/3
   886 | D:2      | Became a worshipper of Qazlal Stormbringer
  1251 | D:2      | Found a sacrificial altar of Ru.
  2079 | D:3      | Reached XP level 4. HP: 38/38 MP: 4/4
  2551 | D:4      | Found Urruydich's Antique Weapon Shop.
  2600 | D:4      | Reached * piety under Qazlal
  2610 | D:4      | HP: 2/40 [poisoned by an orc]
  2615 | D:4      | HP: 1/60 [poisoned by an orc]
  2618 | D:4      | Succumbed to an orc's poison

Skill      XL: |  1  2 |
---------------+-------+-----
Axes           | 2 |  2.4
Fighting       | |  3.7
Armour         | |  2.7
Dodging        | |  0.5
Stealth        | |  0.1
Shields        | |  2.8

Action                   |  1- 3 |  4- 6 || total
-------------------------+-------+-------++-------
Melee: War axe           |   159 |    67 ||   226
       Kick              |    24 |    12 ||    36
  Use: Potion            |     1 |     3 ||     4
       Scroll            |     6 |       ||     6
  Eat: Bread ration      |     1 |       ||     1
       Chunk             |     1 |       ||     1
       Beef jerky        |       |     1 ||     1
Armor: Scale mail        |    24 |       ||    24
       Plate armour      |   105 |    48 ||   153
       Skin              |       |     1 ||     1
Dodge: Dodged            |    20 |     4 ||    24
Block: Shield            |    85 |    34 ||   119
